 Dungeon Crawl Stone Soup version 0.24.1-8-ga250c9d538 (webtiles) character file.

Game seed: 16234882323116282824, levelgen mode: deterministic

38 Peloso the Skirmisher (level 3, 0/33 HPs)
             Began as a Ghoul Fighter on May 1, 2020.
             Slain by a jackal (1 damage)
             ... on level 2 of the Dungeon.
             The game lasted 00:02:05 (920 turns).

Peloso the Skirmisher (Ghoul Fighter)                Turns: 920, Time: 00:02:06

Health: 0/33       AC:  6    Str: 24    XL:     3   Next: 43%
Magic:  2/2        EV:  7    Int:  3    God:
Gold:   69         SH:  9    Dex:  9    Spells: 2/2 levels left

rFire    . . .     SeeInvis .   a - +0 long sword
rCold    + . .     Gourm    .   c - +0 shield
rNeg     + + +     Faith    .   b - +0 scale mail
rPois    ∞         Spirit   .   (no helmet)
rElec    .         Reflect  .   (no cloak)
rCorr    .         Harm     .   (no gloves)
MR       .....                  (no boots)
Stlth    ..........             (no amulet)
HPRegen  0.00/turn              (no ring)
MPRegen  0.08/turn              (no ring)

@: mighty, rotting, hasted, very quick
A: rotting body, claws 1, carnivore, cold resistance 1, negative energy
resistance 3, inhibited regeneration, torment resistance, unbreathing
a: no special abilities


You were on level 2 of the Dungeon.
You were not hungry.

You visited 1 branch of the dungeon, and saw 2 of its levels.

You collected 69 gold pieces.

Inventory:

Hand Weapons
 a - a +0 long sword (weapon)
Armour
 b - a +0 scale mail (worn)
 c - a +0 shield (worn)
Scrolls
 e - a scroll of remove curse {unknown}
Comestibles
 f - 3 rations
 g - 2 chunks of flesh


   Skills:
 + Level 3.6 Fighting
 + Level 2.3 Long Blades
 + Level 3.0 Armour
 + Level 0.4 Dodging
 + Level 2.9 Shields


You had 2 spell levels left.
You didn't know any spells.
Your spell library was empty.

Dungeon Overview and Level Annotations

Branches:
Dungeon (2/15)

Altars:


Innate Abilities, Weirdness & Mutations

Your body is rotting away.
You thrive on raw meat.
You are immune to poison.
You have sharp fingernails.
You are carnivorous and can eat meat at any time.
Your flesh is cold resistant. (rC+)
You are immune to negative energy. (rN+++)
You do not regenerate when monsters are visible.
You are immune to unholy pain and torment.
You can survive without breathing.


Message History

You block the jackal's attack.
The jackal bites you but does no damage.
You block the rat's attack. The jackal bites you.
* * * LOW HITPOINT WARNING * * *
Unknown command.
You miss the frilled lizard. You block the jackal's attack.
The jackal bites you but does no damage.
The frilled lizard bites you.
* * * LOW HITPOINT WARNING * * *
The rat bites you.
* * * LOW HITPOINT WARNING * * *
Unknown command.
You barely miss the frilled lizard. You block the jackal's attack.
The jackal bites you but does no damage.
The frilled lizard bites you but does no damage.
The rat bites you.
* * * LOW HITPOINT WARNING * * *
You block the jackal's attack.
You closely miss the frilled lizard. The jackal bites you.
You die...

....(. .. ......##.#
.........## K
..........## ..
#..........####.. .
#.......##..... . ..
#....>.....Ks# ...
#.######..##rh##.....
#...####.#>)l@hh.....
#....#.#.####g.....
####.....# .....
#....## ...< #..#..#
... ##)###.# .. #..#
... . #..# #... #.##
.###


You could see 3 jackals, a giant cockroach, a goblin, a kobold, a frilled lizard
and a rat.

Vanquished Creatures
  A worm (D:2)
  2 leopard geckos (D:2)
  4 giant cockroaches (D:1)
  5 goblins
  4 hobgoblins
  A quokka (D:2)
  6 bats
  3 kobolds
  6 rats
32 creatures vanquished.

Notes
Turn   | Place    | Note
-------+----------+-------------------------------------------
     0 | D:1      | Peloso the Ghoul Fighter began the quest for the Orb.
     0 | D:1      | Reached XP level 1. HP: 19/19 MP: 0/0
   143 | D:1      | Reached XP level 2. HP: 23/25 MP: 1/1
   741 | D:2      | Reached XP level 3. HP: 18/29 MP: 2/2
   919 | D:2      | HP: 1/33 [rat (1)]
   920 | D:2      | Slain by a jackal

Levels and vault maps discovered:
D:1:      mrwooster_arrival_arrow, layout_loops_cross
D:2:      layout_rooms, first_ration

Skill      XL: |  1  2  3 |
---------------+----------+-----
Long Blades    | 2 |  2.3
Armour         | 3 |  3.0
Fighting       | |  3.6
Dodging        | |  0.4
Shields        | |  2.9

Action                   || total
-------------------------++-------
Melee: Long sword        ||   124
  Use: Potion            ||     5
Armor: Scale mail        ||    87
Dodge: Dodged            ||    78
Block: Shield            ||    96
       Rpst.: Long sword ||    22
